Map: Ruins of Seras

Players

BobR

  • Race: Terran Terran

StoicLoofah - Winner!

  • Race: Terran Terran

VOD

Have the link to the VOD?

Description

Time

  • Played on: May 16, 2015, 8:14 p.m.
  • Length: 10:02
Show
View Real Time Build Order
Export as new Build Order

BobR Terran 

Build Orders: Siege Tank Drop 

Get SALT Encoding   

  12  0:02  SCV  
  13  0:14  SCV  
  14  0:24  Supply Depot  
  14  0:29  SCV  
  15  0:53  Barracks  
  15  0:54  SCV  
  15  0:57  Refinery x2  
  16  1:06  SCV  
  18  1:18  SCV  
  18  1:30  SCV  
  19  1:35  Supply Depot  
  19  1:43  Factory  
  19  1:46  SCV  
  20  1:59  Orbital Command  
  20  2:10  Reaper  
  20  2:17  Factory  
  20  2:24  SCV  
  21  2:34  Starport  
  21  2:38  SCV  
  21  2:41  Marine  
  23  2:50  Factory Tech Lab  
  23  2:54  SCV  
  24  2:59  Marine  
  24  3:02  Factory Tech Lab  
  25  3:08  SCV  
  25  3:09  Siege Tank  
  29  3:20  SCV  
  30  3:29  Supply Depot  
  30  3:32  SCV  
  31  3:50  Supply Depot, Medivac  
  31  3:52  Supply Depot  
  31  3:53  Siege Tank  
  36  3:55  Barracks Reactor  
  36  3:57  SCV  
  37  4:09  SCV  
  38  4:19  Command Center  
  38  4:20  Siege Tank  
  41  4:33  Medivac  
  41  4:34  Marine x2  
  41  4:36  SCV  
  46  4:41  Supply Depot  
  46  4:52  Marine  
  47  4:54  SCV  
  43  6:03  Siege Tank  
  43  6:04  SCV, Siege Tank  
  49  6:08  Orbital Command  
  50  6:11  Missile Turret  
  50  6:16  SCV  
  44  6:19  Barracks  
  44  6:21  Barracks  
  44  6:22  Viking x2  
  48  6:29  SCV  
  49  6:33  Refinery  
  49  6:36  Missile Turret  
  49  6:40  Missile Turret  
  49  6:41  SCV  
  50  6:48  Barracks Tech Lab  
  50  6:52  Viking, Siege Tank x2  
  50  6:53  SCV x2  
  60  6:58  Refinery  
  60  7:05  SCV x2  
  60  7:07  Viking  
  64  7:33  Barracks Reactor x2, SCV  
  64  7:34  SCV  
  66  7:45  SCV  
  61  8:16  Marauder, Marine x3  
  61  8:17  Marine  
  67  8:23  Viking, Medivac  
  69  8:34  Marine x4  
  69  8:38  Marauder  
  71  8:52  Marine  
  71  8:53  Viking, Medivac  
  64  9:03  Marauder, Marine x3  
  64  9:05  Siege Tank x2  
  72  9:10  Marine  
  72  9:15  SCV  
  72  9:16  SCV  
  75  9:17  Missile Turret  
  75  9:19  Missile Turret  
  75  9:20  Marine  
  75  9:21  Marine x2  
  76  9:25  Marauder  
  78  9:33  Marine  
Show
View Real Time Build Order
Export as new Build Order

StoicLoofah Terran - Winner!

Build Orders: Reaper Expand, MMM Bio 

Get SALT Encoding   

  12  0:01  SCV  
  13  0:13  SCV  
  14  0:18  Supply Depot  
  14  0:25  SCV  
  15  0:39  SCV  
  15  0:40  Barracks  
  16  0:46  Refinery  
  16  0:52  SCV  
  17  1:04  SCV  
  18  1:16  SCV  
  19  1:28  Orbital Command  
  19  1:30  Supply Depot  
  19  1:31  Reaper  
  20  1:54  Command Center  
  20  1:55  SCV  
  21  2:04  Barracks Reactor  
  21  2:07  SCV  
  22  2:19  SCV  
  22  2:21  Barracks  
  22  2:22  Barracks  
  23  2:32  SCV  
  24  2:40  Marine x2  
  24  2:44  SCV  
  27  2:48  Refinery  
  27  2:56  SCV  
  28  3:03  Marine x2  
  30  3:06  Orbital Command  
  30  3:09  Barracks Tech Lab  
  30  3:12  Factory  
  30  3:15  Missile Turret  
  30  3:18  Barracks Tech Lab  
  30  3:33  SCV x2  
  32  3:34  Marine x2  
  32  3:36  Marauder  
  32  3:38  Marauder  
  38  3:45  Orbital Command  
  37  3:58  Starport  
  37  3:59  Factory Reactor  
  37  4:05  SCV  
  37  4:08  Missile Turret  
  38  4:12  SCV  
  39  4:17  Supply Depot, SCV  
  39  4:19  Marauder, Marine  
  43  4:26  Marauder  
  45  4:40  Marine x2  
  45  4:43  Viking x2  
  51  4:49  Supply Depot  
  51  4:50  Supply Depot, SCV x2  
  51  4:52  Engineering Bay  
  53  5:02  Missile Turret  
  53  5:08  Supply Depot  
  53  5:12  Marauder x2, Marine x2  
  55  5:30  SCV x2  
  55  5:34  Marauder x2  
  53  5:43  Marine x2  
  55  5:55  Marauder x2  
  59  5:57  Starport Tech Lab  
  59  6:16  Banshee  
  62  6:19  Marine x2  
  64  6:28  Marauder x2  
  64  6:29  SCV x2  
  64  6:31  Terran Infantry Weapons Level 1, Refinery x2  
  70  6:32  Stimpack  
  70  6:33  Combat Shields  
  70  6:38  Barracks x2  
  70  6:43  Supply Depot  
  70  6:45  Supply Depot  
  70  6:46  SCV x2, Marine x2  
  77  7:05  Marauder x2  
  77  7:07  Supply Depot  
  76  7:27  Viking  
  76  7:28  Viking  
  76  7:29  Marauder, Marine x2  
  85  7:30  Marauder  
  86  7:47  SCV x2  
  88  7:57  Viking  
  88  7:58  Viking  
  83  8:22  Marauder x2, Marine x2  
  83  8:27  SCV x2  
  88  8:40  Viking x2  
  91  8:45  Marine x2  
  91  8:46  Marauder x2  
  96  8:56  SCV x2  
  97  9:08  SCV x2  
  99  9:20  SCV  
  98  9:28  Command Center  
  98  9:34  Marauder x2, Marine x2  
Tags
 
Composition
MMM Bio
Matchup
TvT
Race
Terran
Replay Pack
stoicloofah_lotv
Add a new tag
Caveats
  • Supply blocks, unpowered buildings, or Contaminate may cause inaccurate times.
  • Supply counts are checked every 10 seconds.